 Dungeon Crawl Stone Soup version 0.21-a0-351-g38363bb (webtiles) character file.

10393 4thArraOfDagon the Fighter (level 11, -1/113 HPs)
             Began as an Ogre Enchanter on Oct 9, 2017.
             Was a Priest of Ru.
             Killed by divine providence
             ... invoked by an orc priest
              (14 damage)
             ... on level 11 of the Dungeon.
             The game lasted 00:43:36 (9855 turns).

4thArraOfDagon the Fighter (Ogre Enchanter)         Turns: 9855, Time: 00:43:38

Health: -1/113     AC:  8    Str: 14    XL:     11   Next: 61%
Magic:  23/23      EV:  9    Int: 21    God:    Ru [***...]
Gold:   552        SH:  0    Dex: 11    Spells: 1/14 levels left

rFire    + . .     SeeInvis .   h - +5 flail
rCold    + . .     Gourm    +   (no shield)
rNeg     . . .     Faith    .   w - +1 troll leather armour {Snorg}
rPois    .         Spirit   .   (helmet restricted)
rElec    .         Reflect  .   P - +1 cloak
rCorr    .         Harm     .   (gloves unavailable)
MR       +....                  (boots unavailable)
Stlth    ..........             H - amulet of the gourmand
HPRegen  0.68/turn              g - ring of magical power
MPRegen  0.18/turn              o - ring of protection from cold

@: no scrolls
A: unfitting armour, thin skeletal structure 1, clever 1, fire resistance 1,
frail 1, tough skin 1, inability to read while threatened, no stealth, inability
to train armour
a: Draw Out Power, Renounce Religion


You were on level 11 of the Dungeon.
You worshipped Ru.
Ru was most pleased with you.
You were full.

You visited 2 branches of the dungeon, and saw 13 of its levels.

You collected 552 gold pieces.

Inventory:

Hand Weapons
 h - a +5 flail (weapon)
 B - a +1 vampiric spear
 F - a +0 giant spiked club
 G - a +1 war axe of freezing
Missiles
 M - 3 tomahawks of dispersal (quivered)
Armour
 a - a +0 robe of positive energy
 b - a +0 robe
 e - a +0 cloak
 k - a +2 robe of magic resistance
 w - a +1 troll leather armour (worn) {Snorg}
 P - a +1 cloak (worn)
Jewellery
 g - a ring of magical power (left hand)
 o - a ring of protection from cold (right hand)
 v - an uncursed ring of protection from fire
 H - an amulet of the gourmand (around neck)
Wands
 f - a wand of lightning (0/15)
 i - a wand of lightning (0/15)
 l - a wand of iceblast (0/15)
 y - a wand of paralysis (2/24)
 C - a wand of disintegration (8/24)
 J - a wand of polymorph (16/24)
 N - a wand of acid (0/15)
 R - a wand of digging (15/24)
Scrolls
 n - 3 scrolls of amnesia
 s - 4 scrolls of remove curse
 t - a scroll of blinking
 x - 4 scrolls of magic mapping
 z - a scroll of fog
 L - a scroll of fear
 O - a scroll of teleportation
 Q - a scroll of enchant weapon
Potions
 j - a potion of flight
 m - a potion of resistance {unknown}
 p - 3 potions of curing
 r - a potion of ambrosia
 D - a potion of degeneration {unknown}
 E - a potion of haste
 I - a potion of agility {unknown}
 K - a potion of might
 S - a potion of heal wounds
Books
 c - a book of Maledictions

   Spells                             Type                      Level
   a - Corona                         Hexes                        1
   b - Ensorcelled Hibernation        Hexes/Ice                    2
   c - Confuse                        Hexes                        3
   d - Tukima's Dance                 Hexes                        3
   e - Dazzling Spray                 Conjuration/Hexes            3
 A - a book of Geomancy

   Spells                             Type                      Level
   a - Sandblast                      Earth                        1
   b - Passwall                       Transmutation/Earth          2
   c - Stone Arrow                    Conjuration/Earth            3
   d - Petrify                        Transmutation/Earth          4
   e - Lee's Rapid Deconstruction     Earth                        5
Comestibles
 d - 7 bread rations
 q - 7 meat rations
 u - 3 royal jellies
 T - 2 chunks of flesh


   Skills:
 + Level 12.8 Fighting
   Level 0.8 Short Blades
 * Level 12.6 Maces & Flails
 - Level 1.7 Dodging
 - Level 2.4 Spellcasting
 - Level 2.6 Hexes
 - Level 3.3 Evocations


You had one spell level left.
You knew the following spells:

 Your Spells              Type           Power        Failure   Level  Hunger
a - Corona                Hex            ##.....      6%          1    None
b - Ensorcelled Hibernat  Hex/Ice        #.....       16%         2    ##.....
c - Confuse               Hex            ##......     19%         3    ###....
d - Passwall              Tmut/Erth      #.........   26%         2    ##.....
e - Lee's Rapid Deconstr  Erth           #.........   99%         5    ######.


Dungeon Overview and Level Annotations

Branches:
Dungeon (12/15)            Temple (1/1) D:5
   Lair: D:8-11         Orc: D:9-12

Altars:
Ashenzari
Cheibriados
Dithmenos
Elyvilon
Fedhas
Gozag
Hepliaklqana
Kikubaaqudgha
Makhleb
Nemelex Xobeh
Okawaru
Qazlal
Ru
Sif Muna
Trog
Uskayaw
Wu Jian
Xom
Yredelemnul
Zin
The Shining One

Shops:
D:4 =

Annotations:
D:4 zero's ghost, novice MiBe
D:5 exclusion: upstairs
D:8 Psyche


Innate Abilities, Weirdness & Mutations

You are too large for most types of armour.
You have tough skin. (AC +1)
You cannot read scrolls while threatened.
You cannot be stealthy.
You cannot train Armour skill.
You have a somewhat thin skeletal structure. (Dex +2, Stealth)
Your mind is acute. (Int +2)
Your flesh is heat resistant. (rF+)
You are frail. (-10% HP)


Message History

Press: ? - help, Shift-Dir - straight line, f/p - orc warrior
Aim: an orc warrior, wielding a dire flail and wearing a chain mail (severely wounded, chance to defeat MR: 55%)
The orc warrior suddenly stops moving!
This wand has 2 charges left.
Unknown command.
The helpless orc warrior fails to defend itself.
You hit the orc warrior but do no damage.
The orc warrior is severely wounded.
The orc priest invokes the aid of Beogh against you.
Beogh smites you!
* * * LOW HITPOINT WARNING * * *
Unknown command.
The helpless orc warrior fails to defend itself.
You sock the orc warrior!
You kill the orc warrior!
Unknown command.
You hit the orc priest.
The orc priest is moderately wounded.
The orc priest calls down the wrath of Beogh upon you.
Beogh smites you!
You die...

..# ..# . #.# #.. #.#
#########.. #.# #......##..
#.#.#####.########......##..
#.......................##..
###.#####.#######.......##..
#.....o@....#.......##..
#.###)#####.#.......##.<
#.#.#.# #.......##..
#...#o##### #...........
#.###..)o># #....#.##### ###
#####.# ######### ........#
#.....# ###..##.# #.###.####
..o. ... #.#.#.#...


You could see an orc priest.

Vanquished Creatures
  Snorg (D:11)
  2 two-headed ogres
  The ghost of sergedm the Thaumaturge, a novice DECj (D:8)
  Maurice (D:8)
  2 centaur skeletons
  3 hippogriffs
  6 yaks
  A vampire (D:10)
  A wyvern (D:9)
  2 hungry ghosts
  Grum (D:9)
  An acid dragon (D:11)
  A water moccasin (D:8)
  Duvessa (D:4)
  4 orc warriors
  2 ice beasts
  2 sky beasts
  5 ogres
  4 wolves (D:9)
  5 centaurs
  A crocodile (D:10)
  3 big kobolds
  6 bullfrogs
  A scorpion (D:8)
  Dowan (D:4)
  3 killer bees (D:8)
  10 wights
  3 howler monkeys
  3 crimson imps
  A bullfrog zombie (D:7)
  3 quasits
  A centaur zombie (D:9)
  3 jellies
  4 hounds
  10 orc priests
  2 iguanas
  14 orc wizards
  9 worker ants
  A hound skeleton (D:7)
  3 gnolls
  14 adders
  3 shadow imps
  2 oozes
  An adder zombie (D:9)
  4 worms
  3 dart slugs
  6 leopard geckos
  44 orcs
  7 giant cockroaches
  8 goblins
  13 hobgoblins
  6 jackals
  6 quokkas
  A ball python (D:1)
  5 bats
  4 frilled lizards
  14 kobolds
  A leopard gecko skeleton (D:5)
  3 rats
273 creatures vanquished.

Vanquished Creatures (others)
  A big kobold (D:7)
  2 howler monkeys
  An orc (D:11)
4 creatures vanquished.

Grand Total: 277 creatures vanquished

Notes
Turn   | Place    | Note
-------+----------+-------------------------------------------
     0 | D:1      | 4thArraOfDagon the Ogre Enchanter began the quest for the Orb.
     0 | D:1      | Reached XP level 1. HP: 16/16 MP: 3/3
    87 | D:1      | Reached skill level 1 in Fighting
   138 | D:1      | Reached XP level 2. HP: 8/28 MP: 1/5
   172 | D:1      | Learned a level 2 spell: Ensorcelled Hibernation
   411 | D:1      | Reached skill level 1 in Maces & Flails
   499 | D:2      | at last
   518 | D:2      | Reached XP level 3. HP: 28/36 MP: 6/6
   594 | D:4      | Noticed Dowan
   950 | D:4      | Noticed an ogre
   954 | D:4      | Noticed zero's ghost (novice MiBe)
   974 | D:5      | Entered Level 5 of the Dungeon
  1030 | D:5      | Learned a level 3 spell: Confuse
  1127 | D:4      | Killed an ogre
  1127 | D:4      | Reached XP level 4. HP: 47/48 MP: 7/7
  1127 | D:4      | Reached XP level 5. HP: 53/54 MP: 8/8
  1135 | D:4      | Noticed Duvessa
  1317 | D:4      | Found Eleru's Jewellery Boutique.
  1324 | D:4      | :)
  1354 | D:4      | Rhok: :)
  1570 | D:5      | Reached XP level 6. HP: 30/63 MP: 9/9
  1676 | D:5      | 4thArraOfDagon: o hi
  1676 | D:5      | Rhok: hi
  1808 | D:5      | Found a staircase to the Ecumenical Temple.
  1824 | Temple   | Entered the Ecumenical Temple
  1850 | Temple   | Became a worshipper of Ru the Awakened
  1914 | D:5      | Reached skill level 5 in Fighting
  2157 | D:6      | Found a shadowy altar of Dithmenos.
  2223 | D:6      | Reached XP level 7. HP: 59/72 MP: 10/10
  2236 | D:6      | Learned a level 2 spell: Passwall
  2290 | D:6      | Reached skill level 5 in Maces & Flails
  2666 | D:7      | Found an ornate altar of the Wu Jian Council.
  2700 | D:6      | Gained mutation: You are frail. (-10% HP) [mutagenic meat]
  2701 | D:6      | Gained mutation: Your flesh is heat resistant. (rF+) [mutagenic meat]
  2702 | D:6      | Gained mutation: Your mind is acute. (Int +2) [mutagenic meat]
  2703 | D:6      | Gained mutation: You have a somewhat thin skeletal structure. (Dex +2, Stealth) [mutagenic meat]
  2992 | D:7      | Noticed a hungry ghost
  3029 | D:8      | Noticed sergedm's ghost (novice DECj)
  3044 | D:7      | Killed a hungry ghost
  3044 | D:7      | Reached XP level 8. HP: 51/75 MP: 11/11
  3139 | D:7      | Found a shattered altar of Ashenzari.
  3151 | D:7      | Gained mutation: You cannot read scrolls while threatened. [Ru sacrifice]
  3151 | D:7      | Reached * piety under Ru
  3389 | D:7      | Noticed a green death
  3390 | D:7      | Found a burning altar of Makhleb.
  3393 | D:7      | Found a glowing silver altar of Zin.
  3393 | D:7      | Noticed an angel
  3612 | D:7      | Found an opulent altar of Gozag.
  3765 | D:8      | Noticed Psyche
  3765 | D:8      | Noticed a hippogriff
  3940 | D:9      | Found a snail-covered altar of Cheibriados.
  3940 | D:9      | Found a blossoming altar of Fedhas.
  3947 | D:9      | Noticed Grum
  4010 | D:8      | Reached XP level 9. HP: 46/87 MP: 12/12
  4065 | D:8      | Found a basalt altar of Yredelemnul.
  4453 | D:8      | Killed sergedm's ghost
  4469 | D:8      | Reached skill level 10 in Fighting
  5086 | D:2      | Gained mutation: You cannot be stealthy. [Ru sacrifice]
  5086 | D:2      | Reached ** piety under Ru
  6136 | D:4      | Killed Dowan
  6173 | D:4      | Killed Duvessa
  6173 | D:4      | Reached skill level 10 in Maces & Flails
  6281 | D:4      | Found a glowing golden altar of the Shining One.
  6711 | D:7      | Found a stormy altar of Qazlal.
  6730 | D:7      | Reached XP level 10. HP: 95/99 MP: 13/13
  7092 | D:7      | Learned a level 5 spell: Lee's Rapid Deconstruction
  7122 | D:8      | Noticed Maurice
  7127 | D:8      | Killed Maurice
  7972 | D:9      | Found a deep blue altar of Sif Muna.
  7972 | D:9      | Found a white marble altar of Elyvilon.
  8085 | D:10     | Entered Level 10 of the Dungeon
  8198 | D:11     | Noticed a two-headed ogre
  8240 | D:10     | Gained mutation: You cannot train Armour skill. [Ru sacrifice]
  8240 | D:10     | Reached *** piety under Ru
  8327 | D:11     | Reached skill level 1 in Evocations
  8423 | D:11     | Noticed Snorg
  8452 | D:11     | Killed Snorg
  8519 | D:11     | p0werm0de: *silence*
  8554 | D:11     | p0werm0de: awed
  8587 | D:11     | Reached XP level 11. HP: 86/110 MP: 14/14
  8626 | D:11     | Rhok: shh
  8627 | D:11     | Rhok: :)
  8657 | D:11     | p0werm0de: sorz man
  8665 | D:11     | Noticed a two-headed ogre
  8692 | D:11     | Killed a two-headed ogre
  8738 | D:12     | Noticed a brown ugly thing
  8758 | D:12     | Noticed a white ugly thing
  8884 | D:10     | Noticed a two-headed ogre
  8912 | D:10     | Killed a two-headed ogre
  8956 | D:10     | Noticed a death yak
  9398 | D:9      | Killed Grum
  9653 | D:10     | Noticed a death yak
  9855 | D:11     | Killed from afar by an orc priest

Vault maps used:
D:1:      wheals_arrival_linesprint, minmay_misc_feat_nine_boxes,
          glass_columns_c, nemelex_xobeh_ov_fountains_minmay
D:2:      hex_medium
D:3:      mrwooster_statue_mirror, minivault_25
D:4:      tso_altar, serial_shops, shop, first_bread, uniq_duvessa
D:5:      minmay_temple_entry_junction, glass_columns_a
D:6:      grunt_dithmenos_smoke
D:7:      grunt_temple_overflow_order_and_chaos_2, kennysheep_mini,
          ashenzari_conservatory_becter, lemuel_crystal_altar,
          nicolae_gozag_seed_capital, minmay_unpleasant_kobolds
D:8:      marbit_many_paths, uniq_maurice, uniq_psyche
D:9:      grunt_temple_overflow_open, uniq_grum
D:10:     dpeg_lair_monsters
D:11:     grunt_ogre_cave, minmay_misc_feat_diagonals, minmay_misc_feat_hallway,
          uniq_snorg, uniq_gastronok, uniq_urug
D:12:     orc_0_dummy, hangedman_ru_absence
Temple:   compressed_dpeg_triangle_lava_temple

Skill      XL: |  1  2  3  4  5  6  7  8  9 10 11 |
---------------+----------------------------------+-----
Fighting       | 2 3 4 5 6 8 10 11 12 | 12.8
Maces & Flails | 1 3 4 6 8 10 11 12 | 12.6
Stealth        | 0 |  0.0
Evocations     | 2 3 |  3.3
Short Blades   | |  0.8
Dodging        | |  1.7
Spellcasting   | |  2.4
Hexes          | |  2.6

Action                   |  1- 3 |  4- 6 |  7- 9 | 10-12 || total
-------------------------+-------+-------+-------+-------++-------
Melee: Dagger            |    71 |       |       |       ||    71
       Flail             |    42 |   125 |   325 |   435 ||   927
       Giant spiked club |       |       |    14 |     4 ||    18
Throw: Throwing net      |       |       |     1 |       ||     1
       Tomahawk          |       |       |       |     2 ||     2
 Cast: Corona            |     7 |     9 |    26 |    33 ||    75
       Ensorcelled Hiber |    12 |       |       |       ||    12
Invok: Sacrifice Words   |       |       |     1 |       ||     1
       Sacrifice Stealth |       |       |     1 |       ||     1
       Sacrifice Durabil |       |       |       |     1 ||     1
Evoke: Wand              |       |     3 |    17 |     8 ||    28
  Use: Scroll            |     5 |       |     8 |    10 ||    23
       Potion            |       |       |    13 |     2 ||    15
 Stab: Sleeping          |    11 |     1 |     1 |       ||    13
       Distracted        |       |       |     1 |       ||     1
       Held in net/web   |       |       |     1 |       ||     1
       Paralysed         |       |       |       |     6 ||     6
       Invisible         |       |       |       |     1 ||     1
  Eat: Chunk             |     2 |     3 |    20 |    20 ||    45
       Fruit             |       |     1 |     3 |     1 ||     5
       Royal jelly       |       |       |       |     2 ||     2
Armor: Robe              |    39 |    38 |    79 |    55 ||   211
       Skin              |       |       |    55 |       ||    55
       Troll leather arm |       |       |       |    48 ||    48
Dodge: Dodged            |    50 |    62 |   151 |   162 ||   425

Table legend:
 A = Spawn XP
 B = Non-spawn XP
 C = Spawn XP percentage of total XP
 D = Spawn monster count
 E = Non-spawn monster count
 F = Spawn count percentage of total count
 G = Total turns spent on level
                    A         B        C        D         E        F      G
               +---------+---------+-------+---------+---------+-------+---------
         Total |       0 |   14848 |   0.0 |       0 |     276 |   0.0 |  9855
               +---------+---------+-------+---------+---------+-------+---------
           D:1 |       0 |      31 |   0.0 |       0 |      18 |   0.0 |   615
           D:2 |       0 |     180 |   0.0 |       0 |      27 |   0.0 |   694
           D:3 |       0 |      88 |   0.0 |       0 |      26 |   0.0 |   939
           D:4 |       0 |     391 |   0.0 |       0 |      14 |   0.0 |   857
           D:5 |       0 |     327 |   0.0 |       0 |      24 |   0.0 |   793
           D:6 |       0 |     504 |   0.0 |       0 |      14 |   0.0 |  1171
           D:7 |       0 |    1835 |   0.0 |       0 |      40 |   0.0 |  1239
           D:8 |       0 |    2879 |   0.0 |       0 |      29 |   0.0 |  1402
           D:9 |       0 |    1400 |   0.0 |       0 |      22 |   0.0 |   738
          D:10 |       0 |    2715 |   0.0 |       0 |      24 |   0.0 |   701
          D:11 |       0 |    4498 |   0.0 |       0 |      38 |   0.0 |   653
               +---------+---------+-------+---------+---------+-------+---------
